 Dungeon Crawl Stone Soup version 0.30.0-20-g3615ddf2f0 (webtiles) character file.

Game seed: 17520718524729326599

116 qw the Chopper (level 5, -4/32 HPs)
             Began as a Gargoyle Fighter on May 27, 2023.
             Killed from afar by Sigmund (7 damage)
             ... with a puff of flame
             ... on level 2 of the Dungeon.
             The game lasted 00:00:51 (1393 turns).

qw the Chopper (Gargoyle Fighter)                   Turns: 1393, Time: 00:00:51

Health: -4/32      AC: 10    Str: 22    XL:     5   Next: 0%
Magic:  5/5        EV:  9    Int:  8    God:
Gold:   8          SH:  4    Dex:  9    Spells: 4/4 levels left

rFire   . . .        Y - +0 war axe
rCold   . . .        c - +0 buckler
rNeg    + . .        b - +0 scale mail
rPois   inf          (no helmet)
rElec   +            (no cloak)
rCorr   .            (no gloves)
SInv    .            (no boots)
Will    .....        (no amulet) Stlth
                     (no ring)
HPRegen 0.25/turn    (no ring)
MPRegen 0.09/turn

%: no passive effects
@: no status effects
A: sickness immunity, AC +4, negative energy resistance 1, electricity
resistance, torment resistance 1, petrification resistance
a: no special abilities


You were on level 2 of the Dungeon.
You visited 1 branch of the dungeon, and saw 2 of its levels.

You collected 93 gold pieces.
You spent 85 gold pieces at shops.


Innate Abilities, Weirdness & Mutations

You are immune to sickness and miasma.
Your stone body is resilient. (AC +4)
You are immune to poison.
You resist negative energy. (rN+)
You are resistant to electric shocks. (rElec)
You are resistant to unholy torment.
You are immune to petrification.


   Skills:
 - Level 3.2 Fighting
 + Level 4.5 Axes
 - Level 3.2 Armour
 - Level 3.2 Shields


You had 4 spell levels left.
You didn't know any spells.
Your spell library was empty.

Inventory:

Hand Weapons
 l - a +0 flail
 Y - a +0 war axe (weapon)
Armour
 b - a +0 scale mail (worn)
 c - a +0 buckler (worn)
 e - a +0 chain mail
Scrolls
 a - a scroll of enchant weapon {unknown}
 g - a scroll of amnesia {unknown}
Potions
 d - 3 potions of might
 h - 3 potions of curing {unknown}
 i - a potion of mutation {unknown}
 j - 2 potions of degeneration {unknown}
 k - a potion of attraction {unknown}

Dungeon Overview and Level Annotations

Branches:
Dungeon (2/15)

Altars:

Shops:
D:2 [

Annotations:
D:2 1 runed translucent door, Crazy Yiuf, Sigmund


Message History

You see here a frilled lizard corpse.
Sigmund the Dreaded comes into view.
He is wielding a +0 heavy scythe.
Sigmund shouts!
Sigmund casts a spell at you.
You are confused.
Enter note:
Enter note:
Enter note:
Enter note: Sigmund drinks a potion.
Sigmund seems to speed up.
Sigmund gestures wildly while chanting.
Sigmund flickers and vanishes!
Deactivating autopickup; reactivate with Ctrl-A.
You bump into the rock wall.
Enter note:
Enter note:
Enter note:
Enter note: You feel less confused.
You swing at nothing.
You hear some strange, mumbled words.
A puff of flame appears from out of thin air!
The puff of flame hits you.
You hear some strange, mumbled words.
You are confused.
Something completely misses you.
You bump into the rock wall.
Something hits you.
You're too confused to move!
Something hits you.
You bump into the rock wall.
Something hits you!
You bump into the rock wall.
You feel less confused. Something hits you!
You swing at nothing.
You hear some strange, mumbled words.
A puff of flame appears from out of thin air!
The puff of flame hits you!
You die...

#.#...##.#......7..7#...#
#.....
##.#.#....##....7.777 ###
#.....
...#.#.#..####77777
#..... ####...#....#
#.....
#.....#.############
#.....
##.#.....%..........#
#.....
.#.#.#.......###....#
#..... .#...#..####.#
#....# ####.# .#...#..#
#.# #@...# #.# .#.###..#
#.# #....# ######'#
........# #.# #.{..#
#....%%. ..:...#+####.#
#....# #.......
...........#.# #....#
#....... ...........#
....... #.......
...........# .......#
#....... .............
........# #.......
##.####+#.... ........#
#.......


There were no monsters in sight!

Vanquished Creatures
  Natasha (twice) (D:2)
  2 adders (D:2)
  2 dart slugs (D:1)
  6 ball pythons
  2 bats (D:1)
  4 endoplasms
  2 giant cockroaches
  3 goblins
  5 hobgoblins
  3 jackals (D:1)
  4 kobolds
  3 quokkas (D:2)
  2 frilled lizards (D:2)
  5 rats
45 creatures vanquished.

Notes
Turn   | Place    | Note
-------+----------+-------------------------------------------
     0 | D:1      | qw the Gargoyle Fighter began the quest for the Orb.
     0 | D:1      | Reached XP level 1. HP: 14/14 MP: 1/1
     0 | D:1      | 0 ||| qw: Version: 0.2-a-99-gce666ed
     0 | D:1      | 0 ||| qw: Game counter: 152
     0 | D:1      | 0 ||| qw: Always use a shield: true
     0 | D:1      | 0 ||| qw: God list: Okawaru
     0 | D:1      | 0 ||| qw: Allow faded altars: false
     0 | D:1      | 0 ||| qw: Do Orc after D:15 true
     0 | D:1      | 0 ||| qw: Do second Lair branch before Depths: true
     0 | D:1      | 0 ||| qw: Lair rune preference: random
     0 | D:1      | 0 ||| qw: Plans: Normal, Zot:1-4, God:TSO, Crypt, Tomb,
                  | Pan, Slime:5, Hells, Abyss, Win
     0 | D:1      | 0 ||| PLANNING D:1-11
    47 | D:1      | Reached skill level 2 in Axes
    54 | D:1      | Reached XP level 2. HP: 16/19 MP: 2/2
   148 | D:1      | Reached skill level 3 in Axes
   186 | D:1      | Reached XP level 3. HP: 23/23 MP: 3/3
   406 | D:1      | 406 ||| Stepping ~*~*~tactically~*~*~ (stealth).
   617 | D:1      | 617 ||| READING 3 scrolls labelled PIFALE UTATYU.
   618 | D:1      | 618 ||| READING scroll labelled VEARHITUEL.
   619 | D:1      | 619 ||| READING scroll labelled CAYRHE TIOTE.
   620 | D:1      | 620 ||| DROPPING 2 scrolls of blinking.
   642 | D:2      | Noticed Natasha
   652 | D:2      | Killed Natasha
   653 | D:2      | Reached XP level 4. HP: 21/28 MP: 4/4
   691 | D:2      | Noticed Natasha
   692 | D:2      | 692 ||| Stepping ~*~*~tactically~*~*~ (hiding).
   694 | D:2      | 694 ||| Stepping ~*~*~tactically~*~*~ (hiding).
   695 | D:2      | 695 ||| Stepping ~*~*~tactically~*~*~ (hiding).
   696 | D:2      | 696 ||| Stepping ~*~*~tactically~*~*~ (hiding).
   704 | D:2      | Killed Natasha
   705 | D:2      | Reached skill level 4 in Axes
   723 | D:2      | 723 ||| Stepping ~*~*~tactically~*~*~ (stealth).
   857 | D:2      | Found Lomuchoiwi's Antique Armour Emporium.
   864 | D:2      | 864 ||| BUYING chain mail (85 gold).
   864 | D:2      | Bought a chain mail for 85 gold pieces
   864 | D:2      | 864 ||| SHOPLISTING glowing chain mail (142 gold, have 5).
   864 | D:2      | 864 ||| SHOPLISTING smoking scale mail (171 gold, have 5).
   949 | D:2      | 949 ||| DROPPING +0 club.
  1165 | D:2      | Found a runed translucent door.
  1166 | D:2      | Noticed Crazy Yiuf
  1207 | D:2      | 1207 ||| Stepping ~*~*~tactically~*~*~ (hiding).
  1226 | D:2      | 1226 ||| Stepping ~*~*~tactically~*~*~ (hiding).
  1342 | D:2      | Reached XP level 5. HP: 32/32 MP: 5/5
  1342 | D:2      | 1342 ||| DROPPING +0 mace.
  1379 | D:2      | Noticed Sigmund
  1392 | D:2      | HP: 3/32 [something (12)]
  1393 | D:2      | Killed from afar by Sigmund

Levels and vault maps discovered:
D:1:      dpeg_arrival_central, layout_rooms, corexii_item_surrounded_by_moat
D:2:      layout_basic, basic_ecumenical_altar, serial_shops, shop,
          uniq_crazy_yiuf_cottage, uniq_natasha, uniq_sigmund

Skill      XL: |  1  2  3  4 |
---------------+-------------+-----
Axes           | 2 3 4 |  4.5
Fighting       | |  3.2
Armour         | |  3.2
Shields        | |  3.2

Action                     |  1- 3 |  4- 6 || total
---------------------------+-------+-------++-------
  Melee: War axe           |    72 |    64 ||   136
  Throw: Boomerang         |     2 |     9 ||    11
    Use: Scroll            |     3 |       ||     3
 Armour: Scale mail        |    36 |    38 ||    74
  Dodge: Dodged            |    31 |    30 ||    61
  Block: Buckler           |    22 |     8 ||    30

Table legend:
 A = Non-vault XP
 B = Vault XP
 C = Vault XP percentage of total XP
 D = Non-vault monster count
 E = Vault monster count
 F = Vault count percentage of total count
                 A         B        C        D         E       F
            +---------+---------+-------+---------+---------+-------
      Total |     131 |      35 |  21.1 |      44 |       1 |   2.2
            +---------+---------+-------+---------+---------+-------
        D:1 |      51 |       0 |   0.0 |      28 |       0 |   0.0
        D:2 |      80 |      35 |  30.4 |      16 |       1 |   5.9
            +---------+---------+-------+---------+---------+-------
